 Dungeon Crawl Stone Soup version 0.26.1-11-gd32895ea62 (webtiles) character file.

Game seed: 3588626130241516915

1052 Destapler the Skirmisher (level 8, 0/48 HPs)
             Began as a Tengu Berserker on Apr 30, 2021.
             Was an Elder of Trog.
             Slain by an orc warrior
             ... wielding a cursed +0 halberd
              (24 damage)
             ... on level 6 of the Dungeon.
             The game lasted 00:17:04 (4660 turns).

Destapler the Skirmisher (Tengu Berserker)          Turns: 4660, Time: 00:17:05

Health: 0/48       AC:  7    Str: 19    XL:     8   Next: 26%
Magic:  9/9        EV: 14    Int:  8    God:    Trog [****..]
Gold:   346        SH:  4    Dex: 14    Spells: 7/7 levels left

rFire    . . .     SeeInvis .   a - +2 hand axe (venom)
rCold    . . .     Faith    .   C - +0 buckler
rNeg     . . .     Spirit   .   j - +0 scale mail
rPois    +         Reflect  .   (helmet restricted)
rElec    .         Harm     .   (no cloak)
rCorr    .         Rampage  .   (no gloves)
Will     +....                  (boots unavailable)
Stlth    +.........             l - amulet of the acrobat
HPRegen  0.16/turn              s - ring of willpower
MPRegen  0.11/turn              t - ring of poison resistance

@: flying quickly and evasively, quick
A: beak, talons 3, able to fly
a: Stop Flying, Renounce Religion, Berserk, Trog's Hand, Brothers in Arms


You were on level 6 of the Dungeon.
You worshipped Trog.
Trog was greatly pleased with you.
You visited 1 branch of the dungeon, and saw 6 of its levels.

You collected 346 gold pieces.

Inventory:

Hand Weapons
 a - a +2 hand axe of venom (weapon)
 A - a +2 dagger of holy wrath
Missiles
 e - 29 poisoned darts (quivered)
 o - 12 boomerangs
 B - 5 silver boomerangs
 G - a throwing net
Armour
 j - a +0 scale mail (worn)
 C - a +0 buckler (worn)
Jewellery
 l - an amulet of the acrobat (around neck)
 s - a ring of willpower (left hand)
 t - a ring of poison resistance (right hand)
 z - an uncursed ring of protection from fire
Wands
 u - a wand of flame (21)
 x - a wand of digging (2)
 y - a wand of paralysis (9)
 E - a wand of acid (8)
Scrolls
 h - 2 scrolls of identify
 F - a scroll of fog {unknown}
 H - a scroll of teleportation {unknown}
Potions
 b - 2 potions of ambrosia
 d - 5 potions of curing {unknown}
 f - a potion of mutation {unknown}
 i - 2 potions of degeneration {unknown}
 m - 5 potions of brilliance {unknown}
 p - 3 potions of haste {unknown}
 q - 4 potions of flight {unknown}
 r - a potion of lignification {unknown}
 v - 3 potions of attraction {unknown}
 w - a potion of might {unknown}
 I - a potion of heal wounds {unknown}


   Skills:
 + Level 4.9 Fighting
 + Level 1.7(3.2) Short Blades
 - Level 4.1(4.3) Long Blades
 - Level 2.3 Axes
 - Level 4.0 Armour
 + Level 4.7 Dodging
 - Level 4.0 Stealth
 * Level 2.4 Shields
 + Level 2.8 Evocations


You had 7 spell levels left.
You didn't know any spells.
Your spell library contained the following spells:

 Spells                   Type           Power        Failure   Level
 Summon Small Mammal      Summ           0%           83%         1
 Call Imp                 Summ           0%           93%         2
 Call Canine Familiar     Summ           0%           99%         3
 Summon Guardian Golem    Hex/Summ       0%           99%         3
 Summon Ice Beast         Ice/Summ       0%           100%        4
 Summon Lightning Spire   Summ/Air       0%           100%        4


Dungeon Overview and Level Annotations

Branches:
Dungeon (6/15)
 Temple: D:4-7

Altars:
Uskayaw


Innate Abilities, Weirdness & Mutations

You have a beak for a mouth.
You have claws for feet.
You can fly continuously.


Message History

You peck the orc priest, but do no damage.
The orc priest is heavily wounded.
You block the orc priest's attack.
You slash the orc priest!
You kill the orc priest!
Trog accepts your kill.
An orc warrior comes into view. It is wielding a +0 halberd.
The orc warrior shouts!
You see here a +0 hand axe.
The orc wizard gestures wildly while chanting.
The orc wizard blinks!
The orc warrior barely misses you.
The orc wizard gestures at you while chanting.
You resist with almost no effort.
You slash the orc wizard!
The orc wizard is poisoned.
Your kick misses the orc wizard. Your peck misses the orc wizard.
The orc wizard is heavily wounded.
The orc warrior hits you from afar with a cursed +0 halberd!!
Ouch! That really hurt!
You die...

#.##.....# ..
###..#### ..
#).#.. $ #)>#.#
#.#.##.)#.#
#......)#†#
###.###.).#### #
#......####
###...@.....#
#..(...o....#
#.........o...#
#...#.#...........
..# #.#........§.#
# #.#..........# #
###.......##
....##.## ##..


You could see an orc warrior and an orc wizard (very poisoned).

Vanquished Creatures
  An orc warrior (D:6)
  A necrophage (D:6)
  An ogre (D:4)
  A phantom (D:4)
  A bullfrog (D:6)
  2 howler monkeys
  A hound (D:4)
  A jelly (D:6)
  2 orc priests (D:6)
  3 orc wizards
  Natasha (thrice) (D:2)
  Terence (D:2)
  3 worker ants
  3 adders
  A shadow imp (D:5)
  An ufetubus (D:5)
  An ooze (D:1)
  4 worms
  2 dart slugs
  7 leopard geckos
  14 orcs
  3 ball pythons (D:1)
  5 giant cockroaches
  5 goblins
  10 hobgoblins
  2 jackals (D:5)
  A quokka (D:3)
  7 bats
  3 frilled lizards
  A jackal skeleton (D:4)
  10 kobolds
  15 rats
116 creatures vanquished.

Vanquished Creatures (collateral kills)
  A worker ant (D:6)
  An orc (D:6)
2 creatures vanquished.

Grand Total: 118 creatures vanquished

Notes
Turn   | Place    | Note
-------+----------+-------------------------------------------
     0 | D:1      | Destapler the Tengu Berserker began the quest for the Orb.
     0 | D:1      | Reached XP level 1. HP: 14/14 MP: 2/2
   118 | D:1      | Reached skill level 1 in Stealth
   118 | D:1      | Reached XP level 2. HP: 19/19 MP: 3/3
   124 | D:1      | You fall into a shaft and drop 1 floor!
   155 | D:2      | Noticed Natasha
   161 | D:2      | Killed Natasha
   162 | D:2      | Reached XP level 3. HP: 22/23 MP: 4/4
   453 | D:2      | Noticed Natasha
   464 | D:2      | Killed Natasha
   465 | D:2      | Reached XP level 4. HP: 28/28 MP: 5/5
   761 | D:2      | Reached ** piety under Trog
   854 | D:2      | Found a hide-covered altar of Uskayaw.
   857 | D:2      | Noticed a +0 dagger
   857 | D:2      | Noticed a +0 dagger
  1594 | D:1      | Gained mutation: You can fly continuously. [Tengu growth]
  1594 | D:1      | Reached XP level 5. HP: 32/32 MP: 6/6
  1682 | D:2      | Noticed Natasha
  1687 | D:2      | Killed Natasha
  1687 | D:2      | Noticed Terence
  1697 | D:2      | Killed Terence
  1953 | D:3      | Reached *** piety under Trog
  2725 | D:4      | Reached XP level 6. HP: 38/38 MP: 7/7
  2869 | D:4      | Reached skill level 1 in Axes
  2891 | D:4      | Noticed a phantom
  2897 | D:4      | Killed a phantom
  2898 | D:4      | Reached skill level 1 in Evocations
  3254 | D:4      | Reached XP level 7. HP: 40/43 MP: 8/8
  3770 | D:5      | Entered Level 5 of the Dungeon
  4147 | D:5      | Reached **** piety under Trog
  4554 | D:6      | Reached skill level 1 in Shields
  4592 | D:6      | Reached skill level 1 in Short Blades
  4608 | D:6      | Reached XP level 8. HP: 43/48 MP: 9/9
  4660 | D:6      | Slain by an orc warrior

Illustrated notes

Levels and vault maps discovered:
D:1:      dpeg_arrival_orchard, layout_loops_ring
D:2:      layout_rooms, dancing_weapons_uskayaw, minmay_tall_x, uniq_natasha,
          uniq_terence
D:3:      layout_basic, minmay_diced_spiral
D:4:      layout_loops_cross
D:5:      layout_loops_ring
D:6:      layout_loops_cross, uniq_duvessa, uniq_blork_the_orc

Skill      XL: |  1  2  3  4  5  6  7  8 |
---------------+-------------------------+-----
Stealth        | 1 2 3 4 |  4.0
Dodging        | 3 4 |  4.7
Long Blades    | 4 |  4.1
Fighting       | 4 |  4.9
Axes           | 1 2 |  2.3
Evocations     | 1 2 |  2.8
Armour         | 3 4 |  4.0
Shields        | 1 2 |  2.4
Short Blades   | 1 |  1.7

Action                   |  1- 3 |  4- 6 |  7- 9 || total
-------------------------+-------+-------+-------++-------
Melee: Falchion          |    22 |    60 |       ||    82
       Kick              |     3 |    35 |    30 ||    68
       Peck              |     6 |    19 |    13 ||    38
       Hand axe          |       |    87 |    41 ||   128
       Dagger            |       |       |    42 ||    42
Throw: Dart              |       |       |    17 ||    17
Invok: Berserk           |     3 |     5 |     4 ||    12
       Trog's Hand       |       |     1 |     2 ||     3
 Abil: Fly               |       |     1 |       ||     1
  Use: Scroll            |       |       |     5 ||     5
 Stab: Sleeping          |     1 |     8 |       ||     9
Armor: Animal skin       |     1 |     3 |       ||     4
       Scale mail        |       |    15 |    17 ||    32
Dodge: Dodged            |     8 |   107 |    59 ||   174
Block: Buckler           |       |       |    14 ||    14
       Rpst.: Falchion   |     3 |    10 |       ||    13
